AoeStats
← 上帝之鞭

Pilgrims

509038017Analyzed
4v4 RM · 6d ago on Sep 25, 2026· 40m 44s· 8 players
Game mode
Random Map
Map size
Large (8 player)
Population
200
Speed
Normal
Resources
Standard
Victory
Conquest
Starting age
Dark Age
Ending age
Imperial Age
RankedLock teamsTeams togetherTeam positionsShared explorationLock speedFull tech treeHidden civsTurbo modeCheats
Victory
Defeat
🇭🇰 Britons · Hong Kong SAR China
968
+14
🇹🇼 Vietnamese · Taiwan
924
+16
🇺🇸 Franks · United States
924
+16
🇨🇦 Teutons · Canada
901
+16
🇨🇳 Vikings · China
969
-19
🇨🇳 Romans · China
963
-17
🇨🇳 Huns · China
936
-16
🇨🇳 Mongols · China
789
-10
Miles
12:21 Loom
14:07 Feudal Age
15:17 Double-Bit Axe
15:28 Horse Collar
18:28 Fishing Lines
21:06 Castle Age
23:46 Wheelbarrow
23:09 Gold Mining
23:25 Heavy Plow
24:44 Hand Cart
24:48 Stone Mining
25:02 Gillnets
29:39 Stone Shaft Mining
32:50 Imperial Age
33:21 Medium Warships
34:43 Heavy Warships
34:53 Town Watch
35:28 Bow Saw
35:33 Guilds
36:02 Crop Rotation
36:00 Padded Archer Armor
35:51 Fletching
37:05 Two-Man Saw
36:09 Town Patrol
36:38 Paper Money
37:21 Chemistry
36:42 Ballistics
37:31 Forging
37:27 Scale Barding Armor
39:10 Iron Casting
38:52 Leather Archer Armor
38:32 Bodkin Arrow
39:10 Husbandry
39:22 Bloodlines
38:35 Light Cavalry
38:37 Elite Battle Elephant
39:26 Chatras
41:04 Chain Barding Armor
舒服
5:00 Loom
13:57 Feudal Age
19:53 Castle Age
22:07 Gold Mining
23:46 Gold Shaft Mining
28:02 Imperial Age
29:51 Chemistry
31:27 Ballistics
30:58 Double-Bit Axe
31:05 Fletching
31:15 Padded Archer Armor
33:34 Wheelbarrow
34:15 Stone Mining
hank
13:55 Feudal Age
14:32 Stone Mining
19:33 Castle Age
19:16 Forging
19:12 Scale Barding Armor
19:12 Double-Bit Axe
19:21 Gold Mining
23:19 Wheelbarrow
23:50 Bow Saw
24:18 Gold Shaft Mining
26:18 Hand Cart
33:52 Imperial Age
34:32 Scale Mail Armor
35:42 Conscription
37:29 Elite Throwing Axeman
39:33 Iron Casting
39:37 Husbandry
40:49 Chain Mail Armor
barnacles
6:30 Loom
20:20 Feudal Age
23:49 Double-Bit Axe
23:49 Horse Collar
27:18 Castle Age
25:30 Stone Mining
25:33 Gold Mining
28:06 Wheelbarrow
30:32 Forging
30:25 Scale Mail Armor
高老头子
5:22 Loom
12:36 Feudal Age
13:54 Fishing Lines
14:11 Double-Bit Axe
18:27 Castle Age
19:01 Forging
20:15 Squires
20:21 Scale Mail Armor
20:56 Iron Casting
20:40 Gold Mining
26:00 Gillnets
26:27 Bow Saw
26:51 Arson
27:27 Chain Mail Armor
29:45 Imperial Age
31:04 Plate Mail Armor
31:24 Conscription
30:43 Capped Ram
33:44 Chieftains
35:14 Blast Furnace
35:04 Fletching
37:06 Two-Man Saw
35:55 Crossbowman
36:38 Bogsveigar
39:17 Chemistry
38:37 Ballistics
37:43 Arbalester
37:43 Elite Skirmisher
38:13 Elite Varangian Guard
我的队友很厉害
13:26 Feudal Age
15:06 Wheelbarrow
23:24 Man-at-Arms
27:17 Castle Age
26:31 Forging
30:43 Fishing Lines
理塘雪豹王
7:06 Loom
13:42 Feudal Age
14:14 Double-Bit Axe
14:32 Fishing Lines
17:07 Bloodlines
17:50 Wheelbarrow
23:16 Castle Age
23:22 Pikeman
24:25 Gold Mining
24:25 Stone Mining
27:27 Husbandry
31:00 Imperial Age
39:08 Imperial Age
39:11 Scale Barding Armor
40:18 Chain Barding Armor
上帝之鞭
14:27 Feudal Age
24:17 Castle Age
29:47 Castle Age
39:12 Double-Bit Axe
Connection lost

Rejoining the realm…

Still unreachable

The connection could not be restored.

Session expired

The server has moved on; the page needs a fresh start.